MID
BELOIT SNAPPERS @ BURLINGTON BEES
04/30/2044
 
TOP OF THE 1ST
Beloit Snappers batting - Pitching for Burlington Bees : LHP Curt Joseph
Pitching: LHP Curt Joseph
Batting: RHB Lu Tieh 0-0: Called Strike
0-1: Called Strike
0-2: Strikes out swinging
Batting: RHB Justin Menotti 0-0: Ball
1-0: Ground out 5-3 (Groundball, 56, EV 81.9 MPH)
Batting: RHB Josh Sinden 0-0: Called Strike
0-1: Foul Ball, location: 2F
0-2: Ball
1-2: Ball
2-2: Ground out 6-3 (Groundball, 6, EV 87.5 MPH)
Top of the 1st over - 0 runs, 0 hits, 0 errors, 0 left on base; Beloit 0 - Burlington 0
BOTTOM OF THE 1ST
Burlington Bees batting - Pitching for Beloit Snappers : LHP Jimmy Rush
Pitching: LHP Jimmy Rush
Batting: RHB Jeff Long 0-0: Ball
1-0: Foul Ball, location: 2F
1-1: Ball
2-1: Called Strike
2-2: Ground out 5-3 (Groundball, 56, EV 83.8 MPH)
Batting: SHB Tim Connell 0-0: Called Strike
0-1: Ball
1-1: Foul Ball, location: 2F
1-2: Strikes out swinging, 2-3 out at first.
Batting: LHB Rusty Ney 0-0: Called Strike
0-1: Ball
1-1: Foul Ball, location: 2F
1-2: Ball
2-2: Ball
3-2: Strikes out swinging
Bottom of the 1st over - 0 runs, 0 hits, 0 errors, 0 left on base; Beloit 0 - Burlington 0
TOP OF THE 2ND
Beloit Snappers batting - Pitching for Burlington Bees : LHP Curt Joseph
Batting: RHB Manny Vizzerra 0-0: Foul Ball, location: 2F
0-1: Foul Ball, location: 2F
0-2: Ball
1-2: Strikes out looking
Batting: SHB D.J. Codd 0-0: Ball
1-0: Ball
2-0: Called Strike
2-1: Foul Ball, location: 2F
2-2: Ground out 6-3 (Groundball, 6, EV 88.8 MPH)
Batting: RHB Scott Wiggs 0-0: Foul Ball, location: 2F
0-1: Ball
1-1: Foul Ball, location: 2F
1-2: Fly out, F8 (Flyball, 8LD, EV 96.3 MPH)
Top of the 2nd over - 0 runs, 0 hits, 0 errors, 0 left on base; Beloit 0 - Burlington 0
BOTTOM OF THE 2ND
Burlington Bees batting - Pitching for Beloit Snappers : LHP Jimmy Rush
Batting: RHB Melvin Gomez 0-0: Ball
1-0: Called Strike
1-1: Called Strike
1-2: Foul Ball, location: 2F
1-2: Foul Ball, location: 2F
1-2: Foul Ball, location: 2F
1-2: Strikes out swinging
Batting: RHB Jonathan Ellis 0-0: Called Strike
0-1: Ball
1-1: Foul Ball, location: 2F
1-2: Strikes out looking
Batting: RHB Ryan Munro 0-0: Swinging Strike
0-1: Swinging Strike
0-2: Strikes out looking
Bottom of the 2nd over - 0 runs, 0 hits, 0 errors, 0 left on base; Beloit 0 - Burlington 0
TOP OF THE 3RD
Beloit Snappers batting - Pitching for Burlington Bees : LHP Curt Joseph
Batting: LHB Mario Cardona 0-0: Ball
1-0: Foul Ball, location: 2F
1-1: Ball
2-1: Fly out, F8 (Flyball, 89D, EV 106.9 MPH)
Batting: SHB Jose Nava 0-0: SINGLE (Groundball, 34D, EV 97.5 MPH)
Batting: LHB Raita Inouye 0-0: Foul Ball, location: 2F
0-1: Ball
1-1: 2-RUN HOME RUN (Flyball, 89XD, EV 99.4 MPH), Distance : 420 ft
Batting: RHB Lu Tieh 0-0: Ball
1-0: Called Strike
1-1: Foul Ball, location: 2F
1-2: Fly out, F9 (Flyball, 9D, EV 93.8 MPH)
Batting: RHB Justin Menotti 0-0: Ball
1-0: Ball
2-0: Reached on error, E6 (Groundball, 6, EV 84.4 MPH)
Batting: RHB Josh Sinden 0-0: Foul Ball, location: 2F
0-1: Ball
Justin Menotti steals 2nd, throwing error, E2
Justin Menotti to third
1-1: Ball
2-1: Ball
3-1: Base on Balls
Batting: RHB Manny Vizzerra 0-0: Ball
1-0: Ball
2-0: Called Strike
2-1: Foul Ball, location: 2F
2-2: Ball
3-2: Foul Ball, location: 2F
3-2: Base on Balls
Josh Sinden to second
Batting: SHB D.J. Codd 0-0: Called Strike
0-1: Fly out, F4 (Flyball, 34D, EV 78.8 MPH)
Top of the 3rd over - 2 runs, 2 hits, 2 errors, 3 left on base; Beloit 2 - Burlington 0
BOTTOM OF THE 3RD
Burlington Bees batting - Pitching for Beloit Snappers : LHP Jimmy Rush
Batting: SHB Conor Davies 0-0: Ball
1-0: Ball
2-0: Ball
3-0: Base on Balls
Batting: RHB Ryuji Ito 0-0: Called Strike
0-1: SINGLE (Groundball, 34D, EV 95.6 MPH)
Conor Davies to second
Runner from 2nd tries for 3rd, SAFE, throw by RF made to third
Batting: LHB Bill Kirtley 0-0: Ball
1-0: Called Strike
1-1: Ball
2-1: Foul Ball, location: 2F
2-2: Ball
3-2: SINGLE (Flyball, 89S, EV 93.8 MPH)
Conor Davies scores
Ryuji Ito to second
Ryuji Ito to third
Batting: RHB Jeff Long 0-0: Swinging Strike
0-1: Fly out, F8 (Flyball, 8LD, EV 101.9 MPH)
Runner from 3rd tags up, OUT at HOME! 8-2
Bill Kirtley to second
Batting: SHB Tim Connell 0-0: Ball
1-0: Ball
2-0: Ball
3-0: Base on Balls
Batting: LHB Rusty Ney 0-0: Called Strike
0-1: Called Strike
0-2: Ball
1-2: Foul Ball, location: 2F
1-2: Ball
2-2: Ball
3-2: Strikes out swinging
Bottom of the 3rd over - 1 run, 2 hits, 0 errors, 2 left on base; Beloit 2 - Burlington 1
TOP OF THE 4TH
Beloit Snappers batting - Pitching for Burlington Bees : LHP Curt Joseph
Batting: RHB Scott Wiggs 0-0: Ball
1-0: Foul Ball, location: 2F
1-1: Ball
2-1: DOUBLE (Line Drive, 89D, EV 103.8 MPH)
Batting: LHB Mario Cardona 0-0: Called Strike
0-1: Ball
1-1: Ball
2-1: Ball
3-1: Base on Balls
Batting: SHB Jose Nava 0-0: Called Strike
0-1: Ball
1-1: Swinging Strike
1-2: Strikes out swinging
Batting: LHB Raita Inouye 0-0: Ball
1-0: Ball
2-0: Ball
3-0: Base on Balls
Scott Wiggs to third
Mario Cardona to second
Batting: RHB Lu Tieh 0-0: Ball
1-0: Ball
2-0: Swinging Strike
2-1: Ball
3-1: Ground out 6-3 (Groundball, P, EV 90.6 MPH)
Scott Wiggs scores
Mario Cardona to third
Raita Inouye to second
Batting: RHB Justin Menotti 0-0: Ball
1-0: Ground out 5-3 (Groundball, 56S, EV 86.3 MPH)
Top of the 4th over - 1 run, 1 hit, 0 errors, 2 left on base; Beloit 3 - Burlington 1
BOTTOM OF THE 4TH
Burlington Bees batting - Pitching for Beloit Snappers : LHP Jimmy Rush
Batting: RHB Melvin Gomez 0-0: Ball
1-0: Foul Ball, location: 2F
1-1: Ball
2-1: SINGLE (Flyball, 56D, EV 92.5 MPH)
Batting: RHB Jonathan Ellis 0-0: Called Strike
0-1: Ball
1-1: Swinging Strike
1-2: Strikes out swinging
Batting: RHB Ryan Munro 0-0: Ball
1-0: Foul Ball, location: 2F
1-1: SINGLE (Groundball, 56D, EV 96.3 MPH)
Melvin Gomez to second
Batting: SHB Conor Davies 0-0: Grounds into double play, 4-6-3 (Groundball, 4MS, EV 77.5 MPH)
Bottom of the 4th over - 0 runs, 2 hits, 0 errors, 1 left on base; Beloit 3 - Burlington 1
TOP OF THE 5TH
Beloit Snappers batting - Pitching for Burlington Bees : LHP Curt Joseph
Batting: RHB Josh Sinden 0-0: Ball
1-0: Swinging Strike
1-1: Ball
2-1: Ground out 6-3 (Groundball, 4M, EV 101.3 MPH)
Batting: RHB Manny Vizzerra 0-0: Swinging Strike
0-1: Foul Ball, location: 2F
0-2: Strikes out swinging
Batting: SHB D.J. Codd 0-0: Ball
1-0: Foul Ball, location: 2F
1-1: SOLO HOME RUN (Flyball, 89XD, EV 106.3 MPH), Distance : 404 ft
Batting: RHB Scott Wiggs 0-0: Ball
1-0: Ball
2-0: Ball
3-0: Base on Balls
Batting: LHB Mario Cardona 0-0: Ball
1-0: Ball
Scott Wiggs is caught stealing 2nd base 2-6
Top of the 5th over - 1 run, 1 hit, 0 errors, 0 left on base; Beloit 4 - Burlington 1
BOTTOM OF THE 5TH
Burlington Bees batting - Pitching for Beloit Snappers : LHP Jimmy Rush
Batting: RHB Ryuji Ito 0-0: Fly out, F7 (Line Drive, 7, EV 101.9 MPH)
Batting: LHB Bill Kirtley 0-0: Ball
1-0: Ball
2-0: Foul Ball, location: 2F
2-1: Foul Ball, location: 2F
2-2: Ball
3-2: SINGLE (Line Drive, 6M, EV 110.0 MPH)
Batting: RHB Jeff Long 0-0: Ball
1-0: Ball
2-0: Foul Ball, location: 2F
2-1: Ball
3-1: Grounds out, U3 (Groundball, 3L, EV 80.0 MPH)
Batting: SHB Tim Connell 0-0: Called Strike
0-1: Foul Ball, location: 2F
0-2: Ball
1-2: Strikes out swinging
Bottom of the 5th over - 0 runs, 1 hit, 0 errors, 1 left on base; Beloit 4 - Burlington 1
TOP OF THE 6TH
Beloit Snappers batting - Pitching for Burlington Bees : LHP Curt Joseph
Pitching: LHP Tyler Kenney
Batting: LHB Mario Cardona 0-0: Called Strike
0-1: Foul Ball, location: 2F
0-2: Ground out 5-3 (Groundball, 56, EV 88.1 MPH)
Batting: SHB Jose Nava 0-0: Called Strike
0-1: Swinging Strike
0-2: Ball
1-2: Ball
2-2: Ball
3-2: Foul Ball, location: 2F
3-2: Base on Balls
Batting: LHB Raita Inouye 0-0: Ball
1-0: Fielders Choice at 2nd, 4-6 (Groundball, 4, EV 105.0 MPH)
Batting: RHB Lu Tieh 0-0: Foul Ball, location: 2F
0-1: Ball
1-1: Swinging Strike
1-2: Strikes out swinging
Top of the 6th over - 0 runs, 0 hits, 0 errors, 1 left on base; Beloit 4 - Burlington 1
BOTTOM OF THE 6TH
Burlington Bees batting - Pitching for Beloit Snappers : LHP Jimmy Rush
Batting: LHB Rusty Ney 0-0: Called Strike
0-1: Ball
1-1: Foul Ball, location: 2F
1-2: SINGLE (Line Drive, 9S, EV 87.5 MPH)
Batting: RHB Melvin Gomez 0-0: Called Strike
0-1: Foul Ball, location: 2F
0-2: Ball
1-2: Ball
2-2: Ball
3-2: Fly out, F5 (Popup, 56S, EV 70.0 MPH)
Batting: RHB Jonathan Ellis 0-0: Foul Ball, location: 2F
0-1: Swinging Strike
0-2: Ball
1-2: Strikes out swinging
Batting: RHB Ryan Munro 0-0: Ball
Rusty Ney is caught stealing 2nd base 2-4
Bottom of the 6th over - 0 runs, 1 hit, 0 errors, 0 left on base; Beloit 4 - Burlington 1
TOP OF THE 7TH
Beloit Snappers batting - Pitching for Burlington Bees : LHP Tyler Kenney
Pitching: RHP Mike Guidroz
Batting: RHB Justin Menotti 0-0: Called Strike
0-1: Ground out 5-3 (Groundball, 56, EV 84.4 MPH)
Batting: RHB Josh Sinden 0-0: Ball
1-0: Ground out 4-3 (Groundball, 4, EV 85.6 MPH)
Batting: RHB Manny Vizzerra 0-0: Swinging Strike
0-1: SINGLE (Flyball, 34D, EV 89.4 MPH)
Batting: SHB D.J. Codd 0-0: Ball
1-0: Ball
2-0: Fly out, F9 (Line Drive, 9D, EV 85.6 MPH)
Top of the 7th over - 0 runs, 1 hit, 0 errors, 1 left on base; Beloit 4 - Burlington 1
BOTTOM OF THE 7TH
Burlington Bees batting - Pitching for Beloit Snappers : LHP Jimmy Rush
Batting: RHB Ryan Munro 0-0: Called Strike
0-1: Swinging Strike
0-2: Foul Ball, location: 2F
0-2: Strikes out looking
Batting: SHB Conor Davies 0-0: Swinging Strike
0-1: Ball
1-1: Ground out 6-3 (Groundball, 6, EV 79.4 MPH)
Batting: RHB Ryuji Ito 0-0: Called Strike
0-1: Ball
1-1: Fly out, F7 (Flyball, 7LS, EV 84.4 MPH)
Bottom of the 7th over - 0 runs, 0 hits, 0 errors, 0 left on base; Beloit 4 - Burlington 1
TOP OF THE 8TH
Beloit Snappers batting - Pitching for Burlington Bees : RHP Mike Guidroz
Batting: RHB Scott Wiggs 0-0: Ball
1-0: Ball
2-0: Foul Ball, location: 2F
2-1: Foul Ball, location: 2F
2-2: Fly out, F7 (Line Drive, 7, EV 90.0 MPH)
Batting: LHB Mario Cardona 0-0: Ball
1-0: Ball
2-0: Foul Ball, location: 2F
2-1: Called Strike
2-2: Strikes out swinging
Batting: SHB Jose Nava 0-0: Foul Ball, location: 2F
0-1: Foul Ball, location: 2F
0-2: Ball
1-2: Strikes out swinging
Top of the 8th over - 0 runs, 0 hits, 0 errors, 0 left on base; Beloit 4 - Burlington 1
BOTTOM OF THE 8TH
Burlington Bees batting - Pitching for Beloit Snappers : LHP Jimmy Rush
Pitching: RHP Jaylen Walker
Batting: LHB Bill Kirtley 0-0: SINGLE (Flyball, 78S, EV 99.4 MPH)
Batting: RHB Jeff Long 0-0: Foul Ball, location: 2F
0-1: Foul Ball, location: 2F
0-2: TRIPLE (Line Drive, 7LD, EV 108.1 MPH)
Bill Kirtley scores
Batting: SHB Tim Connell 0-0: Ball
1-0: Ground out U3 (Groundball, 34S, EV 89.4 MPH)
Jeff Long scores
Batting: LHB Rusty Ney 0-0: Ball
1-0: Called Strike
1-1: Foul Ball, location: 2F
1-2: SINGLE (Flyball, 8LD, EV 91.9 MPH)
Batting: RHB Melvin Gomez 0-0: Ball
1-0: Ball
2-0: Called Strike
2-1: Ball
3-1: Base on Balls
Rusty Ney to second
Batting: RHB Jonathan Ellis 0-0: Called Strike
0-1: Called Strike
0-2: SINGLE (Groundball, 4, EV 99.4 MPH)
Rusty Ney to third
Melvin Gomez to second
Batting: RHB Ryan Munro 0-0: Foul Ball, location: 2F
0-1: Ball
1-1: Swinging Strike
1-2: Ball
2-2: Foul Ball, location: 2F
2-2: Strikes out swinging
Batting: SHB Conor Davies 0-0: Called Strike
0-1: Called Strike
0-2: Ball
1-2: Ground out U3 (Groundball, 34S, EV 84.4 MPH)
Bottom of the 8th over - 2 runs, 4 hits, 0 errors, 3 left on base; Beloit 4 - Burlington 3
TOP OF THE 9TH
Beloit Snappers batting - Pitching for Burlington Bees : RHP Mike Guidroz
Pitching: RHP Trece Hunter
Batting: LHB Raita Inouye 0-0: Ball
1-0: Foul Ball, location: 2F
1-1: Ball
2-1: Ground out 3-1 (Groundball, 34, EV 93.8 MPH)
Pinch Hitting: LHB Nick Pacheco 0-0: Ball
1-0: Ball
2-0: Fly out, F4 (Flyball, 3D, EV 93.8 MPH)
Batting: RHB Justin Menotti 0-0: Ball
1-0: Ground out 6-3 (Groundball, 6, EV 111.3 MPH)
Top of the 9th over - 0 runs, 0 hits, 0 errors, 0 left on base; Beloit 4 - Burlington 3
BOTTOM OF THE 9TH
Burlington Bees batting - Pitching for Beloit Snappers : RHP Jaylen Walker
Pitching: RHP Ubbe Dekker
Now at 2B: Rick Linders
Batting: RHB Ryuji Ito 0-0: Ball
1-0: Foul Ball, location: 2F
1-1: Swinging Strike
1-2: Ground out 4-3 (Groundball, 4, EV 95.0 MPH)
Batting: LHB Bill Kirtley 0-0: Called Strike
0-1: Foul Ball, location: 2F
0-2: Ground out 4-3 (Groundball, 34D, EV 99.4 MPH)
Batting: RHB Jeff Long 0-0: Ball
1-0: Ball
2-0: SINGLE (Line Drive, 7LS, EV 94.4 MPH)
Batting: SHB Tim Connell 0-0: Ball
1-0: Ball
2-0: Ball
3-0: Base on Balls
Jeff Long to second
Batting: LHB Rusty Ney 0-0: Ball
1-0: Ball
2-0: Ball
3-0: Base on Balls
Jeff Long to third
Tim Connell to second
Batting: RHB Melvin Gomez 0-0: Ground out 1-3 (Groundball, 13S, EV 70.6 MPH)
Bottom of the 9th over - 0 runs, 1 hit, 0 errors, 3 left on base; Beloit 4 - Burlington 3
Thursday, March 31st , 2022 - OOTP Baseball 22.12 Build 89